[Event "Team 45 45 League T25"]
[Site "Internet Chess Club"]
[Date "2005.01.15"]
[Round "4"]
[White "tourettes"]
[Black "Thersites"]
[Result "1-0"]
[WhiteElo "1805"]
[BlackElo "1621"]
[TimeControl "2700+45"]

1. e4 c5 2. Nc3 e6 3. g3 Nc6 4. Bg2 a6 5. Nge2 Qc7 6. O-O Nge7 7. d3 Ng6 8. f4
b5 9. a3 Bb7 10. Qe1 Be7 11. Nd1 Nd4 12. Ne3 Rc8 13. Bd2 Qb8 14. Bc3 O-O 15.
Nxd4 cxd4 16. Bxd4 Bc5 17. Bxc5 Rxc5 18. c3 Rfc8 19. d4 R5c7 20. f5 Ne7 21. f6
gxf6 22. Rxf6 d6 23. Ng4 Ng6 24. h4 h5 25. Ne3 Kg7 26. Rf2 a5 27. Qe2 Ba6 28.
Qxh5 b4 29. axb4 Rh8 30. Qg5 Kf8 31. Rxa5 Bb7 32. Qf6 Rh7 33. Qxg6 {Black
resigns} 1-0

[Event "Team 45 45 League T25"]
[Site "Internet Chess Club"]
[Date "2005.01.08"]
[Round "4"]
[White "MrAnderssen"]
[Black "Bthoven"]
[Result "1-0"]
[WhiteElo "1663"]
[BlackElo "1581"]
[TimeControl "2700+45"]

1. e4 c5 2. Nf3 Nc6 3. d4 cxd4 4. Nxd4 Nf6 5. Nc3 d6 6. Be2 g6 7. Be3 Bg7 8. f3
e5 9. Nb3 Be6 10. Qd2 Qd7 11. O-O-O Rd8 12. Nb5 d5 13. exd5 Nxd5 14. Nc5 Qe7 15.
Bg5 Qxc5 16. Bxd8 Nxd8 17. Kb1 Nc6 18. c4 Bf5+ 19. Ka1 Ne3 20. Nd6+ Kf8 21. Nxf5
Nxf5 22. Qd7 Qe7 23. Qc8+ Qe8 24. Qxb7 Nfd4 25. Bd3 Bh6 26. Be4 Kg7 27. Bxc6
Qxc6 28. Qxc6 Nxc6 29. Rd7 Rd8 30. Rxd8 Nxd8 31. Rd1 Nc6 32. Rd7 Bf4 33. h3 Be3
34. a3 Kf8 35. b4 Bd4+ 36. Kb1 Ke8 37. Rc7 Ne7 38. c5 a5 39. b5 Nd5 40. Rc8+ Ke7
41. b6 Nxb6 42. cxb6 Bxb6 43. Rb8 Bc7 44. Rb7 Kd6 45. Kc2 f5 46. Kd3 Kc6 47. Rb3
Bd6 48. Kc4 g5 49. Rb5 Bc7 50. Rc5+ Kd6 51. Kb5 h5 52. Rc6+ Kd7 53. Rf6 e4 54.
Kc4 e3 55. Kd3 f4 56. h4 Bd8 57. Rf5 gxh4 58. Rxf4 Be7 59. Rf5 Bxa3 60. Kxe3 Bb4
61. Kd4 Kc6 62. Kc4 Kb6 63. Rf6+ Kb7 64. Kb5 Ka7 65. Rh6 Kb7 66. Rxh5 Be1 67. f4
Kc7 68. f5 Kd6 69. Rh6+ Kd7 70. Re6 Bc3 71. Re3 Bf6 72. Kxa5 Kd6 73. Re6+ {Black
resigns} 1-0

[Event "Team 45 45 League T25"]
[Site "Internet Chess Club"]
[Date "2005.01.10"]
[Round "4"]
[White "e4ia"]
[Black "dougmo"]
[Result "1-0"]
[WhiteElo "1584"]
[BlackElo "1601"]
[TimeControl "2700+45"]

1. b3 e5 2. Bb2 Nc6 3. c4 Nf6 4. e3 d6 5. h3 g6 6. d3 Bg7 7. Nd2 O-O 8. Be2 Re8
9. a3 d5 10. Ngf3 b6 11. Ra2 d4 12. e4 a5 13. g4 Bd7 14. Bc1 Qc8 15. Ng1 Be6 16.
Nf1 Qa6 17. Ng3 a4 18. b4 Qc8 19. g5 Nd7 20. Bg4 f5 21. gxf6 Nxf6 22. f3 Nxg4
23. hxg4 b5 24. Rah2 bxc4 25. Rxh7 c3 26. Qe2 Nxb4 27. axb4 a3 28. Qh2 a2 29.
Rxg7+ Kxg7 30. Qh7+ Kf6 31. g5# {Black checkmated} 1-0

[Event "Team 45 45 League T25"]
[Site "Internet Chess Club"]
[Date "2005.01.08"]
[Round "4"]
[White "sdcohle"]
[Black "frenchmen"]
[Result "0-1"]
[WhiteElo "1352"]
[BlackElo "1515"]
[TimeControl "2700+45"]

1. d4 d5 2. c4 e6 3. e3 Nf6 4. Nf3 Be7 5. Nc3 O-O 6. Be2 Nbd7 7. O-O c6 8. b3
Ne4 9. Qc2 Ndf6 10. Bd3 Bb4 11. Nxe4 dxe4 12. Bxe4 h6 13. Bd3 Bd6 14. h3 b6 15.
e4 Bd7 16. e5 Bxe5 17. Nxe5 Nh5 18. Nxd7 Qxd7 19. Bh7+ Kh8 20. Be4 f5 21. Bf3
Nf6 22. Bb2 Rae8 23. Rad1 Qc7 24. Qd2 Rd8 25. Ba3 c5 26. dxc5 Rxd2 27. Rxd2 Ne4
28. Re2 Nxc5 29. b4 Nd3 30. Rxe6 Qxc4 31. Re2 b5 32. Bb2 Nf4 33. Re7 Rg8 34.
Rxa7 Qxb4 35. Ba1 Qc5 36. Rb7 b4 37. Rd1 Qc2 38. Rxb4 Nd3 39. Rb2 Nxb2 40. Rf1
Rb8 41. Bh5 Nd3 42. Kh2 Rb1 43. Rxb1 Qxb1 44. Bd4 Qb8+ 45. Kg1 Qb1+ 46. Kh2 Qxa2
47. Bg6 Nxf2 48. Bxf5 Qd2 49. Be5 Nd3 50. Bc7 Ne1 51. Be4 Qe3 52. Bd5 Qd4 53.
Ba8 Qa7 54. Bg3 Qxa8 55. Bxe1 Qe4 56. Ba5 Qe5+ 57. Kh1 Qxa5 58. Kh2 g5 59. Kg3
h5 60. h4 Qe5+ 61. Kh3 g4# {White checkmated} 0-1

[Event "Team 45 45 League T25"]
[Site "Internet Chess Club"]
[Date "2005.01.08"]
[Round "4"]
[White "rickylr"]
[Black "John"]
[Result "1-0"]
[WhiteElo "1712"]
[BlackElo "1671"]
[TimeControl "2700+45"]

1. e4 e5 2. f4 d5 3. exd5 exf4 4. Qe2+ Be7 5. c4 Nf6 6. d3 O-O 7. Bxf4 Bb4+ 8.
Kd1 Bg4 9. Nf3 Re8 10. Qf2 c6 11. Bd2 Bf8 12. dxc6 Nxc6 13. Nc3 Nb4 14. d4 Qd7
15. h3 Qf5 16. Rc1 Bxf3+ 17. Qxf3 Qd7 18. a3 Qxd4 19. axb4 Rad8 20. Rc2 Bxb4 21.
Kc1 Bxc3 22. Bxc3 Qd6 23. Rd2 Re1+ 24. Kc2 {Black resigns} 1-0

[Event "Team 45 45 League T25"]
[Site "Internet Chess Club"]
[Date "2005.01.12"]
[Round "4"]
[White "gamlinginn"]
[Black "claymil"]
[Result "1/2-1/2"]
[WhiteElo "1594"]
[BlackElo "1662"]
[TimeControl "2700+45"]

1. Nf3 d5 2. c4 Nf6 3. e3 e6 4. d4 b6 5. Nbd2 Bb7 6. Be2 dxc4 7. Nxc4 Be7 8. O-O
O-O 9. a3 c5 10. dxc5 Bxc5 11. b4 Be7 12. Bb2 Nbd7 13. Nce5 Rc8 14. Rc1 Nd5 15.
Nxd7 Qxd7 16. e4 Nf6 17. Bxf6 Qxd1 18. Rfxd1 Bxf6 19. Nd2 Bb2 20. Rxc8 Rxc8 21.
a4 g6 22. f3 Rc2 23. Bd3 Bd4+ 24. Kf1 Ra2 25. a5 Bc3 26. Nb3 Bxb4 27. axb6 axb6
28. Ra1 Rxa1+ 29. Nxa1 Bc6 30. Ke2 h5 31. h3 f5 32. exf5 exf5 33. Nc2 Bc3 34.
Bc4+ Kg7 35. Kd3 Bb2 36. Nb4 Bd7 37. Nd5 b5 38. Bb3 Ba3 39. Kc3 Kh6 40. Nb6 Bc6
41. Bd5 Be8 42. g4 b4+ 43. Kd3 Bb5+ 44. Bc4 Bc6 45. Ke2 fxg4 46. hxg4 h4 47. Kf2
b3 48. Bxb3 Bc5+ 49. Kg2 Bxb6 50. Bd1 Kg5 51. Kh3 Bf2 52. Be2 Kf4 53. Kg2 Bg3
54. Bd1 Ke3 55. Kh3 Kd2 56. Bb3 Bxf3 57. Be6 Ke2 58. Bc4+ Kf2 59. g5 Bg2+ 60.
Kg4 h3 61. Bd5 h2 62. Bxg2 Kxg2 {White stalemated} 1/2-1/2

[Event "Team 45 45 League T25"]
[Site "Internet Chess Club"]
[Date "2005.01.11"]
[Round "4"]
[White "Lothar"]
[Black "KirkB"]
[Result "0-1"]
[WhiteElo "1504"]
[BlackElo "1560"]
[TimeControl "2700+45"]

1. d4 Nf6 2. c4 e6 3. Bg5 h6 4. Bh4 c5 5. e3 cxd4 6. exd4 g5 7. Bg3 Ne4 8. Qd3
Nxg3 9. Qxg3 Bg7 10. Qc3 Nc6 11. Ne2 d6 12. Nd2 Qb6 13. Nb3 a5 14. O-O-O a4 15.
c5 Qc7 16. cxd6 Qxd6 17. Na1 Ke7 18. Qc5 Rd8 19. Nc2 Qxc5 20. dxc5 Rxd1+ 21.
Kxd1 Bxb2 22. Ne3 Nb4 23. Nc4 a3 24. Nc1 Bxc1 25. Kxc1 Nxa2+ 26. Kb1 Nc3+ 27.
Ka1 Bd7 28. Nb6 Ra5 29. Nxd7 Kxd7 30. Bd3 Kc6 31. Rc1 Rxc5 32. f3 b5 33. Bc2 b4
34. Bb3 Re5 {White resigns} 0-1

[Event "Team 45 45 League T25"]
[Site "Internet Chess Club"]
[Date "2005.01.09"]
[Round "4"]
[White "swingdoc"]
[Black "Rainbird"]
[Result "1-0"]
[WhiteElo "1746"]
[BlackElo "1637"]
[TimeControl "2700+45"]

1. e4 e5 2. Nf3 Nc6 3. Bc4 Bc5 4. O-O Nf6 5. d4 exd4 6. e5 d5 7. exf6 dxc4 8.
Re1+ Be6 9. Ng5 Qxf6 10. Nxe6 fxe6 11. Qh5+ Kd7 12. Qxc5 Rhf8 13. f3 Qg6 14. Nd2
Qxc2 15. Nxc4 Qg6 16. Ne5+ Nxe5 17. Rxe5 h6 18. Qxd4+ Ke7 19. Bd2 Rad8 20. Qc5+
Kf7 21. Qxc7+ Kg8 22. Bb4 Rfe8 23. Rae1 Rc8 24. Qd7 Rc6 25. Qxb7 Qc2 26. Bc3
Rxc3 27. bxc3 Qxc3 28. Rxe6 Qd4+ 29. Kh1 Rxe6 30. Qc8+ Kf7 31. Qxe6+ {Black
resigns} 1-0

[Event "Team 45 45 League T25"]
[Site "Internet Chess Club"]
[Date "2005.01.06"]
[Round "4"]
[White "jmc860"]
[Black "PauloBarbosa"]
[Result "1/2-1/2"]
[WhiteElo "1520"]
[BlackElo "1622"]
[TimeControl "2700+45"]

1. e4 c5 2. Nc3 d6 3. g3 Nc6 4. Bg2 Nf6 5. Nge2 e5 6. O-O Be7 7. d3 O-O 8. h3 a6
9. f4 exf4 10. Nxf4 Nd4 11. Ncd5 Nxd5 12. Nxd5 Be6 13. Nxe7+ Qxe7 14. c3 Nc6 15.
Bf4 Qd7 16. Kh2 f5 17. Qe2 Rae8 18. Qd2 Rf7 19. a3 Ref8 20. Rae1 fxe4 21. Rxe4
Bd5 22. Re2 Bxg2 23. Rxg2 Ne5 24. Rgf2 Qb5 25. Bxe5 Rxf2+ 26. Rxf2 Rxf2+ 27.
Qxf2 dxe5 28. Qe2 e4 29. Qxe4 Qxb2+ 30. Kg1 h6 31. Qc4+ Kh7 32. Qxc5 Qb1+ 33.
Kf2 Qxd3 34. Qe3 Qf5+ 35. Kg2 Qc2+ 36. Kf3 Qd1+ 37. Kf2 Qc2+ 38. Kf3 {Game drawn
by mutual agreement} 1/2-1/2

[Event "Team 45 45 League T25"]
[Site "Internet Chess Club"]
[Date "2005.01.07"]
[Round "4"]
[White "Kaseirovski"]
[Black "KaissaXiaolin"]
[Result "1-0"]
[WhiteElo "1534"]
[BlackElo "1569"]
[TimeControl "2700+45"]

1. Nf3 f5 2. d3 Nf6 3. Bf4 g6 4. Nbd2 Bg7 5. g3 d6 6. c3 Nd5 7. e3 e5 8. Bg5 Qd7
9. e4 fxe4 10. dxe4 Nf6 11. h3 Qc6 12. a4 Nxe4 13. Bb5 {Black resigns} 1-0

[Event "Team 45 45 League T25"]
[Site "Internet Chess Club"]
[Date "2005.01.08"]
[Round "4"]
[White "jantonio"]
[Black "RingLord"]
[Result "1-0"]
[WhiteElo "1644"]
[BlackElo "1537"]
[TimeControl "2700+45"]

1. Nf3 Nf6 2. g3 e6 3. Bg2 Be7 4. O-O d5 5. d3 O-O 6. Nbd2 c5 7. e4 d4 8. a4 Nc6
9. Nc4 b6 10. e5 Nd7 11. Nxd4 cxd4 12. Bxc6 Rb8 13. Qg4 Kh8 14. Qxd4 Bc5 15. Qg4
Qc7 16. Bg2 Nxe5 17. Nxe5 Qxe5 18. Bf4 Qxb2 19. Bxb8 Qxc2 20. Qd1 Qc3 21. Rc1
Qd4 22. Rc4 Qf6 23. Rf4 Qg5 24. d4 Ba6 25. Rg4 Qd8 26. dxc5 Bxf1 27. Qxd8 Rxd8
28. Bxa7 Bxg2 29. Kxg2 bxc5 30. Bxc5 Rd5 31. Rd4 h6 32. Rxd5 exd5 33. a5 d4 34.
Bxd4 {Black resigns} 1-0

[Event "Team 45 45 League T25"]
[Site "Internet Chess Club"]
[Date "2005.01.07"]
[Round "4"]
[White "mickeys"]
[Black "tgralex"]
[Result "1-0"]
[WhiteElo "1720"]
[BlackElo "1726"]
[TimeControl "2700+45"]

1. d4 d5 2. c4 e6 3. Nc3 Nf6 4. Bg5 Be7 5. e3 O-O 6. Nf3 b6 7. Bd3 dxc4 8. Bxc4
Bb7 9. O-O Nbd7 10. Qe2 a6 11. Rfc1 b5 12. Bd3 c5 13. b3 cxd4 14. exd4 b4 15.
Ne4 Bxe4 16. Bxe4 Nxe4 17. Bxe7 Nc3 18. Rxc3 Qxe7 19. Rc7 Qd6 20. Rac1 Qf4 21.
g3 Qh6 22. R1c6 Nf6 23. Rxa6 Rxa6 24. Qxa6 Qh5 25. Kg2 g6 26. Rc5 Nd5 27. a4
Nf4+ 28. gxf4 Qg4+ 29. Kf1 Qxf3 30. Qc4 Qh1+ 31. Ke2 Qxh2 32. Rc8 Qxf4 33. Rxf8+
Kxf8 34. Qxb4+ Ke8 35. Qb5+ Kd8 36. Qc5 Qe4+ 37. Kd2 Qf4+ 38. Ke2 h5 39. a5 Qe4+
40. Kd2 Qf4+ 41. Ke2 Qg4+ 42. Ke3 f5 43. Qd6+ Kc8 44. Qxe6+ Kb8 45. Qb6+ Kc8 46.
Qc6+ Kb8 47. Qf3 Qxf3+ 48. Kxf3 g5 49. d5 h4 50. b4 g4+ 51. Kg2 f4 52. b5 f3+
53. Kg1 Kc7 54. b6+ Kb7 55. d6 Kc6 56. a6 Kxb6 57. a7 Kxa7 58. d7 {Black
resigns} 1-0

[Event "Team 45 45 League T25"]
[Site "Internet Chess Club"]
[Date "2005.01.09"]
[Round "4"]
[White "BenjaminSisko"]
[Black "TheBrewer"]
[Result "1-0"]
[WhiteElo "1704"]
[BlackElo "1612"]
[TimeControl "2700+45"]

1. Nf3 e6 2. d3 d5 3. Nbd2 c5 4. g3 b6 5. Bg2 Bb7 6. O-O Nc6 7. e4 dxe4 8. dxe4
Qc7 9. c3 b5 10. Qe2 a6 11. e5 Nge7 12. Re1 Ng6 13. h4 Be7 14. h5 Nf8 15. Nf1
Nd7 16. N1h2 O-O-O 17. Bf4 h6 18. Ng4 Qb6 19. Rac1 Nf8 20. Red1 Re8 21. a3 Ba8
22. Nd2 Bg5 23. Qe3 Bxf4 24. Qxf4 Qc7 25. Ne4 f5 26. Nd6+ Kb8 27. Nxe8 Qe7 28.
Nd6 fxg4 29. Qe3 Nd7 30. Bxc6 Bxc6 31. Re1 Qg5 32. Qxg5 hxg5 33. f4 gxf4 34.
gxf4 Rxh5 35. Ne4 Rh3 36. Rc2 g3 37. Rg2 Rh4 38. Rxg3 Rxf4 39. Rxg7 Bxe4 40.
Rxd7 Rh4 41. Kf2 Bc6 42. Rd2 Rh2+ 43. Ke3 Rh4 44. Rf2 Re4+ 45. Kd2 Rxe1 46. Kxe1
Kb7 47. Rf7+ Kb6 48. b4 c4 49. Kd2 a5 50. Ke3 axb4 51. axb4 Bd5 52. Kd4 Kc6 53.
Rg7 Kb6 54. Rd7 Kc6 55. Rd6+ Kc7 56. Kc5 Kb7 57. Kxb5 Kc7 58. Kc5 Kb7 59. Rxd5
exd5 60. Kxd5 {Black resigns} 1-0

[Event "Team 45 45 League T25"]
[Site "Internet Chess Club"]
[Date "2005.01.07"]
[Round "4"]
[White "bmw2002"]
[Black "Smart"]
[Result "1-0"]
[WhiteElo "1516"]
[BlackElo "1497"]
[TimeControl "2700+45"]

1. c4 Nf6 2. g3 c5 3. Bg2 Nc6 4. Nc3 g6 5. Nf3 Bg7 6. O-O O-O 7. d3 a6 8. Be3 d6
9. a4 Qb6 10. Rb1 Ng4 11. Bd2 Nf6 12. e4 Bg4 13. h3 Bxf3 14. Bxf3 Nd4 15. Bg2
Nd7 16. Nd5 Qd8 17. b4 Rb8 18. bxc5 dxc5 19. Bf4 e5 20. Bd2 b6 21. Rb2 Nf6 22.
Bg5 Qd6 23. f4 h6 24. fxe5 Qxe5 25. Bf4 Qh5 26. Bxb8 Rxb8 27. Nxf6+ Bxf6 28.
Qxh5 gxh5 29. Rxf6 {Black resigns} 1-0

[Event "Team 45 45 League T25"]
[Site "Internet Chess Club"]
[Date "2005.01.10"]
[Round "4"]
[White "fibin"]
[Black "SeniorCitizen"]
[Result "1-0"]
[WhiteElo "1545"]
[BlackElo "1412"]
[TimeControl "2700+45"]

1. e4 e5 2. Nf3 Nc6 3. Bc4 h6 4. O-O Na5 5. Nxe5 Nxc4 6. Nxc4 d6 7. d4 b6 8. Nc3
Ba6 9. Qd3 Qc8 10. Re1 b5 11. e5 d5 12. e6 Ne7 13. Qf3 bxc4 14. exf7+ Kd8 15.
Nxd5 Qf5 16. Qxf5 Nxf5 17. Re8+ {Black resigns} 1-0

[Event "Team 45 45 League T25"]
[Site "Internet Chess Club"]
[Date "2005.01.09"]
[Round "4"]
[White "Poet-Laureate"]
[Black "fledermaus"]
[Result "0-1"]
[WhiteElo "1850"]
[BlackElo "1973"]
[TimeControl "2700+45"]

1. d4 Nf6 2. Nc3 d5 3. h3 e6 4. a3 c5 5. Nf3 cxd4 6. Nxd4 e5 7. Nb3 d4 8. Nb1 a5
9. Bg5 a4 10. N3d2 Qb6 11. Nc4 Qc5 12. e3 Be7 13. Nbd2 O-O 14. Bxf6 Bxf6 15. Ne4
Qc6 16. Bd3 Bf5 17. Ncd6 Bg6 18. Qf3 Bxe4 19. Nxe4 Nd7 20. O-O Be7 21. Qf5 g6
22. Qf3 f5 23. Qe2 fxe4 24. Bc4+ Kg7 25. exd4 exd4 26. Rad1 Bf6 27. Bb5 Qe6 28.
Bc4 Qe5 29. c3 d3 30. Qg4 Qf5 31. Qg3 b5 32. Ba2 Be5 33. Qe3 Qf4 34. Qxf4 Bxf4
35. g3 Bc7 36. Bd5 Rae8 37. Bc6 Re7 38. Rfe1 Bb6 39. Rd2 Ne5 40. Bxe4 Nf3+ 41.
Bxf3 Rxe1+ 42. Kg2 Re2 43. Bxe2 Rxf2+ 44. Kh1 dxe2 45. Rd7+ Kh6 46. Re7 Rf1+ 47.
Kg2 e1=Q 48. Rxe1 Rxe1 49. Kf3 g5 50. b4 axb3 51. a4 b2 52. axb5 b1=Q 53. h4
Qe4# {White checkmated} 0-1

[Event "Team 45 45 League T25"]
[Site "Internet Chess Club"]
[Date "2005.01.09"]
[Round "4"]
[White "Bydlo"]
[Black "ramakrishna"]
[Result "1-0"]
[WhiteElo "1885"]
[BlackElo "1801"]
[TimeControl "2700+45"]

1. e4 c5 2. Nf3 Nc6 3. Bb5 Qc7 4. O-O g6 5. Nc3 Bg7 6. Nd5 Qa5 7. d3 Nf6 8. Bd2
Qd8 9. Re1 O-O 10. c3 a6 11. Nxf6+ exf6 12. Bc4 b5 13. Bd5 Bb7 14. d4 d6 15. Be3
Qe7 16. Qd2 Rfe8 17. Rad1 Na5 18. Bh6 Bh8 19. Bxb7 Qxb7 20. b3 Rxe4 21. Rxe4
Qxe4 22. dxc5 dxc5 23. Qd8+ Qe8 24. Qxa5 Bg7 25. Bxg7 Kxg7 26. Kf1 Qe4 27. c4
bxc4 28. Qxc5 Qc2 29. Qd5 c3 30. Ne1 Qxa2 31. Qxa8 Qxb3 32. Qd5 Qb2 33. Nd3 Qc2
34. Rc1 Qd2 35. Qc4 {Black resigns} 1-0

[Event "Team 45 45 League T25"]
[Site "Internet Chess Club"]
[Date "2005.01.10"]
[Round "4"]
[White "viking99"]
[Black "GoIrish"]
[Result "1/2-1/2"]
[WhiteElo "1787"]
[BlackElo "1565"]
[TimeControl "2700+45"]

1. e4 d6 2. d4 Nf6 3. Bd3 g6 4. Nc3 Bg7 5. Nge2 O-O 6. O-O e5 7. dxe5 dxe5 8.
Bg5 h6 9. Bh4 Nc6 10. a3 a6 11. Qd2 Be6 12. Rad1 Qe7 13. Nd5 Bxd5 14. exd5 Nd4
15. c3 Nb3 16. Qc2 Nc5 17. b4 Nxd3 18. Rxd3 Qd6 19. c4 e4 20. Re3 Ng4 21. Rg3 f5
22. h3 Ne5 23. Rb3 b5 24. c5 Qxd5 25. Rd1 Qc4 26. Rc3 Qf7 27. Qc1 Nd3 28. Rcxd3
exd3 29. Rxd3 g5 30. Bg3 f4 31. Bh2 Rad8 32. Qd2 Rxd3 33. Qxd3 Qc4 34. Qd1 Re8
35. Nc1 Bb2 36. Nd3 Rd8 37. Qe2 Rxd3 38. Qe8+ Kg7 39. Qe7+ Qf7 40. Qe2 Qb3 41.
Qe7+ Kg6 42. Qe4+ Kf6 43. Kh1 Qd5 44. Qh7 Qd7 45. Qxh6+ Kf5 46. Qf8+ Bf6 47. g4+
fxg3 48. Bxg3 Qd5+ 49. Kh2 Rd1 50. Qc8+ Qe6 51. Qxc7 Rd7 52. Qc8 Be5 53. c6
Bxg3+ 54. Kxg3 Qe5+ 55. Kg2 Qe4+ 56. Kg3 Qf4+ 57. Kg2 Qe4+ 58. Kg1 Qe1+ 59. Kg2
Qe4+ {Game drawn by repetition} 1/2-1/2

[Event "Team 45 45 League T25"]
[Site "Internet Chess Club"]
[Date "2005.01.09"]
[Round "4"]
[White "Whacker"]
[Black "KirkB"]
[Result "0-1"]
[WhiteElo "1461"]
[BlackElo "1562"]
[TimeControl "2700+45"]

1. d4 Nf6 2. c4 e6 3. Nc3 Bb4 4. Qc2 d5 5. a3 Bxc3+ 6. Qxc3 Ne4 7. Qc2 e5 8.
dxe5 Bf5 9. Qa4+ Nc6 10. Nf3 O-O 11. e3 Re8 12. cxd5 Qxd5 13. Bc4 Qa5+ 14. Qxa5
Nxa5 15. Ba2 Rad8 16. Nd4 Rxe5 17. Nxf5 Rxf5 18. Bb1 Rfd5 19. O-O Nd2 20. Ba2
Nxf1 21. Bxd5 Rxd5 22. Kxf1 Nb3 23. Rb1 Rd1+ 24. Ke2 Rxc1 25. Rxc1 Nxc1+ 26. Kd2
Nb3+ 27. Kc3 Nc5 28. Kc4 Ne6 29. b4 Kf8 30. a4 Ke7 31. a5 a6 32. Kd5 Kd7 33. f3
b6 34. axb6 cxb6 35. Kc4 Kc6 36. f4 Nc7 37. e4 a5 38. bxa5 bxa5 39. g4 Ne6 40.
f5 Ng5 41. e5 Nf3 42. e6 fxe6 43. fxe6 Nxh2 44. g5 Nf3 45. g6 hxg6 46. e7 Kd7
47. Kb5 Kxe7 48. Kxa5 g5 49. Kb4 g4 {White resigns} 0-1

[Event "Team 45 45 League T25"]
[Site "Internet Chess Club"]
[Date "2005.01.06"]
[Round "4"]
[White "SnoopDoggyDogg"]
[Black "billarvola"]
[Result "1/2-1/2"]
[WhiteElo "1896"]
[BlackElo "2007"]
[TimeControl "2700+45"]

1. e4 e5 2. Nf3 Nc6 3. Bb5 a6 4. Ba4 Nf6 5. O-O Be7 6. Re1 b5 7. Bb3 d6 8. c3
O-O 9. h3 Nb8 10. d4 Nbd7 11. Nbd2 Bb7 12. Bc2 Re8 13. a4 c5 14. d5 c4 15. b3
cxb3 16. Nxb3 bxa4 17. Rxa4 Qc7 18. Bd3 Nb6 19. Ra3 Nc4 20. Bxc4 Qxc4 21. Na5
Qc7 22. Nxb7 Qxb7 23. Qb3 Reb8 24. Qxb7 Rxb7 25. Bg5 Ne8 26. Bxe7 Rxe7 27. Rea1
Rea7 28. Nd2 {Game drawn by mutual agreement} 1/2-1/2

[Event "Team 45 45 League T25"]
[Site "Internet Chess Club"]
[Date "2005.01.08"]
[Round "4"]
[White "nminwalla"]
[Black "Chess2Play"]
[Result "1-0"]
[WhiteElo "1791"]
[BlackElo "1707"]
[TimeControl "2700+45"]

1. e4 c5 2. Nf3 Nc6 3. d4 cxd4 4. Nxd4 g6 5. Be3 Bg7 6. Nc3 Nf6 7. Bc4 d6 8. f3
Qb6 9. Nf5 Qxb2 10. Nxg7+ Kf8 11. Nd5 Nxd5 12. Bxd5 Qc3+ 13. Bd2 Qxg7 14. O-O e6
15. Bxc6 bxc6 16. Bb4 Kg8 17. Qxd6 Ba6 18. Rfd1 Qf6 19. Bc5 Qg5 20. Bd4 Rd8 21.
Qe5 Rxd4 22. Qxg5 {Black resigns} 1-0

[Event "Team 45 45 League T25"]
[Site "Internet Chess Club"]
[Date "2005.01.09"]
[Round "4"]
[White "mitdale"]
[Black "pork"]
[Result "1/2-1/2"]
[WhiteElo "1679"]
[BlackElo "1552"]
[TimeControl "2700+45"]

1. e4 e5 2. Nf3 Nc6 3. Bb5 f5 4. Nc3 fxe4 5. Nxe4 Nf6 6. Qe2 Be7 7. Bxc6 dxc6 8.
Nxe5 O-O 9. Qc4+ Qd5 10. Nxf6+ Rxf6 11. Qxd5+ cxd5 12. O-O Bd6 13. d4 Bf5 14. c3
Re8 15. Bg5 Rfe6 16. Bf4 h6 17. Bg3 g5 18. f4 g4 19. Bh4 Be7 20. Bxe7 R6xe7 21.
g3 Kg7 22. a4 Kf6 23. a5 a6 24. Rfe1 h5 25. Re3 Be4 26. Rae1 Rh7 27. Kf2 Kf5 28.
R1e2 Reh8 29. Ke1 h4 30. Kd2 hxg3 31. hxg3 Rh1 32. Nd3 Rb1 33. b4 Ra1 34. Nc1
Rh1 35. Re1 Rh2+ 36. R1e2 Rh1 37. Re1 Rh2+ 38. R3e2 Rh3 39. Re3 Rh2+ {Game drawn
by repetition} 1/2-1/2

[Event "Team 45 45 League T25"]
[Site "Internet Chess Club"]
[Date "2005.01.10"]
[Round "4"]
[White "vvsi"]
[Black "Xidnan"]
[Result "1/2-1/2"]
[WhiteElo "1668"]
[BlackElo "1502"]
[TimeControl "2700+45"]

1. e4 c5 2. Ne2 Nc6 3. Nbc3 Nf6 4. g3 d6 5. Bg2 g6 6. O-O Bg7 7. a4 O-O 8. d3
Bg4 9. h3 Be6 10. Be3 Qd7 11. Kh2 Rac8 12. Qd2 Rfe8 13. Bh6 Bh8 14. Nf4 Nd4 15.
Nce2 Nxe2 16. Qxe2 a6 17. Rad1 Rb8 18. b3 Qc8 19. Nxe6 Qxe6 20. f4 b5 21. axb5
axb5 22. f5 gxf5 23. Rxf5 Bg7 24. Rg5 Ng4+ 25. Qxg4 Qxh6 26. e5 Kh8 27. Be4 Rg8
28. Rh5 Bxe5 29. Qf5 Bxg3+ 30. Kh1 Rg6 31. Rxh6 Rxh6 32. Rg1 Rg8 33. Bg2 Be5 34.
Bf1 Rxg1+ 35. Kxg1 Rg6+ 36. Kh1 Rf6 37. Qc8+ Kg7 38. Kg2 Bd4 39. Be2 Rf2+ 40.
Kg3 e6 41. Bg4 Rxc2 42. Qd7 Kg6 43. Qxb5 h5 44. Bf3 Be5+ 45. Kh4 Bf6+ 46. Kg3
Be5+ 47. Kh4 {Game drawn by mutual agreement} 1/2-1/2

[Event "Team 45 45 League T25"]
[Site "Internet Chess Club"]
[Date "2005.01.17"]
[Round "4"]
[White "clarinetref"]
[Black "Lizaveta"]
[Result "1-0"]
[WhiteElo "1411"]
[BlackElo "1393"]
[TimeControl "2700+45"]

1. Nf3 d5 2. c4 e6 3. g3 Nf6 4. Bg2 c5 5. cxd5 exd5 6. O-O Be6 7. e3 Nc6 8. a3
Be7 9. b3 O-O 10. Ng5 h6 11. Nxe6 fxe6 12. Bb2 e5 13. Nc3 e4 14. d3 exd3 15.
Qxd3 d4 16. Qc4+ Kh8 17. exd4 cxd4 18. Ne4 Rc8 19. Qd3 Nxe4 20. Bxe4 Bf6 21.
Rac1 Be5 22. Rfd1 Qf6 23. Rc2 Rfd8 24. b4 a6 25. b5 axb5 26. Qxb5 Rd7 27. Rd3
Rdc7 28. Rf3 Qd6 29. Rf5 Bf6 30. Rd5 Qe6 31. Re2 Qg4 32. Bf5 Qf3 33. Bxc8 Rxc8
34. Rf5 Qg4 35. Rf4 Qg6 36. Qxb7 Rd8 37. Qxc6 Qb1+ 38. Kg2 Kh7 39. Qe4+ Qxe4+
40. Rexe4 d3 41. Bxf6 g6 42. Bxd8 g5 43. Rf7+ Kg6 44. Rf6+ {Black resigns} 1-0

[Event "Team 45 45 League T25"]
[Site "Internet Chess Club"]
[Date "2005.01.11"]
[Round "4"]
[White "SeanT"]
[Black "jientho"]
[Result "1-0"]
[WhiteElo "1355"]
[BlackElo "1319"]
[TimeControl "2700+45"]

1. e4 e5 2. Nf3 Nf6 3. d3 Nc6 4. a3 d5 5. Be2 d4 6. c3 h6 7. Qa4 Be6 8. Nxe5 Qd6
9. Nxc6 Qxc6 10. Qxc6+ bxc6 11. cxd4 Be7 12. Bf4 Rd8 13. Bxc7 Rxd4 14. Nc3 O-O
15. Bf4 Bb3 16. O-O Bc2 17. Be3 Rd7 18. d4 Bxe4 19. Nxe4 Nxe4 20. Bf3 f5 21.
Rfd1 Bf6 22. g3 Rfd8 23. Rac1 Bxd4 24. Bxd4 Rxd4 25. Rxd4 Rxd4 26. Rxc6 Rd2 27.
Rc8+ Kh7 28. Bxe4 fxe4 29. Rb8 Kg6 30. Kf1 Kf5 31. h3 e3 32. fxe3 Ke4 33. Rb3
Rd3 34. Rxd3 Kxd3 35. Kf2 a5 36. b4 axb4 37. axb4 Kc4 38. e4 Kxb4 39. Kf3 Kc5
40. Kf4 Kd6 41. Kf5 Ke7 42. h4 Kf7 43. h5 Ke7 44. e5 Ke8 45. g4 Kf8 46. Ke6 Ke8
47. Kf5 Kf8 48. e6 Ke7 49. Kg6 Kxe6 50. Kxg7 Ke5 51. Kxh6 Kf6 52. g5+ Kf7 53.
Kh7 Kf8 54. g6 Ke8 55. g7 {Black resigns} 1-0

[Event "Team 45 45 League T25"]
[Site "Internet Chess Club"]
[Date "2005.01.09"]
[Round "4"]
[White "hotzoddy"]
[Black "mjallen66"]
[Result "1-0"]
[WhiteElo "1226"]
[BlackElo "1130"]
[TimeControl "2700+45"]

1. e4 e5 2. Nf3 Nc6 3. Nc3 Bb4 4. Nd5 d6 5. Bc4 Be6 6. O-O Nf6 7. d3 O-O 8. Bd2
Bxd2 9. Qxd2 Bg4 10. Ng5 h6 11. f3 hxg5 12. fxg4 Nxg4 13. h3 Nf6 14. c3 Nxd5 15.
Bxd5 Na5 16. b4 c6 17. Bc4 Nxc4 18. dxc4 f6 19. b5 cxb5 20. Qd5+ Rf7 21. cxb5
Qb6+ 22. Rf2 Rc8 23. c4 Qc5 24. Rc1 Qe3 25. Rf1 Qd4 26. Rc1 Qxd5 27. exd5 a6 28.
a4 f5 29. g3 f4 30. gxf4 Rxf4 31. Rxf4 gxf4 32. Kf2 Kf7 33. Kf3 Ke7 34. Ke4 Kd7
35. h4 Kc7 36. c5 Kd7 37. c6+ bxc6 38. dxc6+ Ke6 39. b6 d5+ 40. Kf3 Kd6 41. b7
Kc7 42. bxc8=Q+ Kxc8 43. Rc5 e4+ 44. Kxf4 {Black resigns} 1-0

[Event "Team 45 45 League T25"]
[Site "Internet Chess Club"]
[Date "2005.01.10"]
[Round "4"]
[White "chesskel"]
[Black "slakkjaw"]
[Result "1-0"]
[WhiteElo "1222"]
[BlackElo "1304"]
[TimeControl "2700+45"]

1. d4 f5 2. Nf3 d5 3. Bf4 Nc6 4. e3 e6 5. Bd3 a6 6. c3 Nf6 7. h3 h6 8. Nbd2 Bd7
9. Ne5 Nxe5 10. dxe5 Nh5 11. Qxh5+ Ke7 12. Bg5+ hxg5 13. Qxh8 c5 14. Qh5 c4 15.
Qxg5+ Ke8 16. Qxd8+ Kxd8 17. Bc2 b5 18. f4 Bc5 19. Ke2 Be8 20. g4 Bg6 21. Kf3
Kc7 22. b4 Bb6 23. a4 bxa4 24. Bxa4 a5 25. bxa5 Bxa5 26. Bc2 fxg4+ 27. hxg4 Bxc2
28. f5 exf5 29. gxf5 Bxf5 30. Rh5 g6 31. Rh7+ Kb6 32. e4 Rf8 33. exf5 Rxf5+ 34.
Kg4 Bxc3 35. Rb1+ Kc5 36. Rc7+ Kd4 37. e6 Bxd2 38. Rd1 Rf4+ 39. Kg3 c3 40. e7
Re4 41. Rf1 c2 42. Rxc2 Be1+ 43. Kg2 Rxe7 44. Rf4+ Kd3 45. Ra2 Re2+ 46. Rxe2
Kxe2 47. Rd4 Ke3 48. Rxd5 Bd2 49. Rg5 Ke4 50. Rxg6 Kd3 51. Rd6+ Ke2 52. Re6+ Kd3
53. Kf1 Kc2 54. Ke2 Bc3 55. Rc6 Kb3 56. Kd3 Ba5 57. Ra6 Bb4 58. Rb6 Ka4 59. Kc4
Ba5 60. Ra6 Ka3 61. Rxa5+ Kb2 62. Kd3 Kc1 63. Ra6 Kb2 64. Rb6+ Kc1 65. Rb4
{Black resigns} 1-0